AoeStats
← maximusthefirst

Black Forest

510256795Analyzed
3v3 RM · 3d ago on Sep 30, 2026· 51m 37s· 6 players
Game mode
Random Map
Map size
Normal (6 player)
Population
200
Speed
Normal
Resources
Standard
Victory
Conquest
Starting age
Dark Age
Ending age
Imperial Age
RankedLock teamsTeams togetherTeam positionsShared explorationLock speedFull tech treeHidden civsTurbo modeCheats
Victory
Defeat
🇺🇸 Teutons · United States
1008
+13
🇨🇦 Franks · Canada
897
+18
🇺🇸 Khmer · United States
887
+18
🇹🇷 Chinese · Türkiye
1021
-19
🇺🇸 Hindustanis · United States
1019
-20
🇵🇪 Wu · Peru
790
-10
Enlightened Eye
11:19 Feudal Age
14:33 Wheelbarrow
19:06 Castle Age
16:59 Gold Mining
16:58 Double-Bit Axe
16:55 Horse Collar
21:35 Bow Saw
22:12 Heavy Plow
26:51 Hand Cart
29:00 Town Watch
32:06 Imperial Age
29:54 Scale Barding Armor
30:17 Town Patrol
30:42 Forging
31:12 Bloodlines
31:26 Chain Barding Armor
33:06 Iron Casting
32:18 Cavalier
33:50 Plate Barding Armor
35:21 Blast Furnace
35:03 Fletching
35:42 Conscription
36:31 Chemistry
35:53 Ballistics
36:20 Crop Rotation
37:58 Paladin
39:17 Caravan
40:18 Pikeman
40:58 Squires
40:44 Arson
41:22 Scale Mail Armor
45:25 Chain Mail Armor
46:16 Halberdier
Kirito Wizard
0:27 Loom
12:17 Feudal Age
17:41 Castle Age
16:14 Double-Bit Axe
16:34 Gold Mining
18:08 Stone Mining
29:01 Scale Barding Armor
29:07 Forging
30:55 Gold Shaft Mining
30:33 Bow Saw
34:36 Imperial Age
32:50 Wheelbarrow
32:01 Town Watch
32:15 Ordonnance Companies
32:30 Ordonnance Companies
33:57 Caravan
34:46 Ballistics
34:23 Murder Holes
34:39 Fortified Wall
34:13 Treadmill Crane
35:06 Husbandry
34:27 Light Cavalry
35:33 Chain Barding Armor
35:48 Iron Casting
35:04 Fletching
35:20 Padded Archer Armor
36:46 Chemistry
36:29 Chivalry
35:53 Elite Throwing Axeman
36:07 Cavalier
36:34 Cranequins
39:06 Conscription
38:10 Paladin
39:26 Siege Engineers
40:10 Plate Barding Armor
41:10 Hand Cart
40:56 Town Patrol
42:02 Blast Furnace
40:58 Bodkin Arrow
41:18 Leather Archer Armor
47:24 Gambesons
47:40 Squires
47:26 Arson
47:02 Pikeman
49:21 Heavy Mounted Crossbowman
maximusthefirst
0:33 Loom
11:53 Feudal Age
13:36 Wheelbarrow
12:51 Double-Bit Axe
12:48 Horse Collar
20:59 Castle Age
18:55 Stone Mining
22:34 Hand Cart
22:32 Bow Saw
22:24 Heavy Plow
27:27 Stone Shaft Mining
26:45 Gold Mining
29:25 Town Watch
30:31 Gold Shaft Mining
32:09 Town Patrol
32:24 Fortified Wall
32:35 Ballistics
32:11 Murder Holes
38:12 Imperial Age
35:55 Masonry
35:39 Fletching
35:55 Scale Barding Armor
36:01 Forging
35:53 Tusk Swords
36:45 Bloodlines
36:35 Husbandry
35:56 Light Cavalry
38:25 Elite Battle Elephant
39:07 Bodkin Arrow
39:33 Chain Barding Armor
39:50 Iron Casting
40:29 Chemistry
39:56 Conscription
41:00 Hoardings
41:06 Bracer
41:42 Plate Barding Armor
41:41 Siege Engineers
42:07 Architecture
41:39 Elite Ballista Elephant
43:13 Double Crossbow
43:01 Hussar
44:12 Capped Ram
45:44 Crop Rotation
46:19 Blast Furnace
45:21 Siege Ram
48:27 Caravan
Reaper20131
5:07 Loom
14:13 Feudal Age
17:49 Wheelbarrow
21:10 Castle Age
21:18 Double-Bit Axe
25:51 Gold Mining
25:53 Stone Mining
26:17 Bow Saw
33:21 Imperial Age
31:31 Wheelbarrow
32:37 Gold Shaft Mining
32:40 Stone Shaft Mining
34:17 Caravan
34:26 Scale Barding Armor
34:31 Forging
34:23 Padded Archer Armor
35:28 Chemistry
35:08 Hand Cart
35:48 Chain Barding Armor
36:57 Two-Man Saw
36:10 Siege Engineers
36:38 Shatagni
36:59 Conscription
38:15 Two-Man Saw
37:55 Plate Barding Armor
37:56 Iron Casting
37:37 Leather Archer Armor
38:52 Grand Trunk Road
39:35 Hoardings
39:20 Squires
39:05 Arson
38:42 Pikeman
38:43 Man-at-Arms
39:49 Ballistics
40:03 Thumb Ring
43:34 Husbandry
43:44 Bloodlines
42:55 Heavy Camel Rider
45:14 Blast Furnace
44:54 Imperial Camel Rider
leonedu
12:26 Feudal Age
12:35 Loom
17:47 Castle Age
16:36 Double-Bit Axe
19:16 Bow Saw
18:59 Gold Mining
20:33 Wheelbarrow
19:47 Fishing Lines
20:59 Gold Mining
22:56 Fervor
25:29 Hand Cart
25:35 Stone Mining
27:15 Fletching
27:26 Padded Archer Armor
31:25 Imperial Age
29:06 Fletching
29:17 Padded Archer Armor
30:40 Caravan
32:16 Town Watch
32:55 Pikeman
33:32 Arson
33:48 Squires
34:54 Chemistry
34:05 Masonry
33:53 Murder Holes
34:20 Ballistics
35:43 Onager
37:13 Coinage
36:53 Guilds
38:12 Conscription
37:18 Elite Fire Archer
39:40 Sitting Tiger
41:51 Architecture
41:03 Treadmill Crane
42:07 Bloodlines
41:59 Husbandry
41:21 Heavy Hei Guang Cavalry
43:43 Bodkin Arrow
44:04 Leather Archer Armor
44:01 Forging
43:57 Scale Barding Armor
sultanilhan
0:42 Loom
15:30 Feudal Age
16:27 Double-Bit Axe
16:28 Horse Collar
17:14 Gold Mining
21:30 Castle Age
20:10 Stone Mining
20:21 Fishing Lines
20:46 Fletching
21:29 Padded Archer Armor
22:26 Bow Saw
22:19 Heavy Plow
23:18 Stone Shaft Mining
27:07 Bodkin Arrow
27:30 Leather Archer Armor
28:00 Gold Shaft Mining
27:55 Thumb Ring
33:45 Imperial Age
31:26 Scale Mail Armor
31:36 Forging
32:34 Caravan
33:02 Town Watch
33:53 Wheelbarrow
35:33 Chemistry
34:55 Ballistics
35:06 Conscription
35:48 Ring Archer Armor
35:33 Masonry
35:43 Elite Chu Ko Nu
37:28 Murder Holes
38:07 Bracer
38:23 Chain Mail Armor
38:44 Iron Casting
38:41 Squires
38:26 Arson
38:02 Pikeman
39:16 Architecture
40:44 Plate Mail Armor
39:37 Halberdier
41:06 Fortified Wall
44:13 Blast Furnace
48:38 Hand Cart
48:23 Town Patrol
Connection lost

Rejoining the realm…

Still unreachable

The connection could not be restored.

Session expired

The server has moved on; the page needs a fresh start.